 Dungeon Crawl Stone Soup version 0.23.1 (webtiles) character file.

Game seed: 7852990599206375562

2221 night the Grave Robber (level 9, -2/65 HPs)
             Began as a Gnoll Necromancer on Mar 17, 2019.
             Was a Priest of Dithmenos.
             Slain by a yak (12 damage)
             ... on level 7 of the Dungeon.
             The game lasted 00:17:58 (7306 turns).

night the Grave Robber (Gnoll Necromancer)          Turns: 7306, Time: 00:17:59

Health: -2/65      AC:  4    Str: 10    XL:     9   Next: 35%
Magic:  5/18       EV: 16    Int: 21    God:    Dithmenos [***...]
Gold:   394        SH:  0    Dex: 16    Spells: 6/21 levels left

rFire    . . .     SeeInvis +   j - +2 short sword (elec)
rCold    . . .     Gourm    .   (no shield)
rNeg     . . .     Faith    .   a - +1 robe
rPois    .         Spirit   .   (no helmet)
rElec    .         Reflect  .   (no cloak)
rCorr    .         Harm     .   (no gloves)
MR       .....                  w - +0 pair of boots
Stlth    ++++......             (no amulet)
HPRegen  0.20/turn              k - ring of see invisible
MPRegen  0.16/turn              (no ring)

@: wreathed by umbra, studying Transmutations
A: distributed training, fangs 1, strong nose
a: Shadow Step, Renounce Religion


You were on level 7 of the Dungeon.
You worshipped Dithmenos.
Dithmenos was most pleased with you.
You were not hungry.

You visited 2 branches of the dungeon, and saw 8 of its levels.
You also visited: Sewer and Ossuary.

You collected 394 gold pieces.

Inventory:

Hand Weapons
 d - a +2 hand axe of electrocution
 j - a +2 short sword of electrocution (weapon)
Missiles
 f - 2 javelins (quivered)
 h - 182 stones
 n - 66 sling bullets
Armour
 a - a +1 robe (worn)
 w - a +0 pair of boots (worn)
Jewellery
 k - a ring of see invisible (left hand)
Wands
 x - a wand of paralysis (5)
 B - a wand of iceblast (8)
 D - a wand of random effects (22)
Scrolls
 b - 2 scrolls of noise {unknown}
 e - 3 scrolls of enchant armour
 g - 8 scrolls of remove curse
 i - 2 scrolls of amnesia {unknown}
 q - a scroll of fear
 s - a scroll of torment {unknown}
 z - a scroll of magic mapping
 C - 2 scrolls of teleportation
 G - a scroll of random uselessness {unknown}
Potions
 l - 2 potions of heal wounds {unknown}
 m - 4 potions of curing
 o - a potion of berserk rage {unknown}
 p - a potion of degeneration {unknown}
 r - a potion of invisibility {unknown}
 t - a potion of ambrosia
 u - 2 potions of cancellation
 v - 2 potions of resistance
 A - a potion of might {unknown}
 E - a potion of lignification {unknown}
Books
 y - a manual of Transmutations
Comestibles
 c - 11 rations
 F - 2 chunks of flesh


   Skills:
 + Level 4.1 Fighting
 + Level 4.1 Short Blades
 + Level 4.1 Long Blades
 + Level 4.1 Axes
 + Level 4.1 Maces & Flails
 + Level 4.1 Polearms
 + Level 4.1 Staves
 + Level 4.1 Slings
 + Level 4.1 Bows
 + Level 4.1 Crossbows
 + Level 4.1 Throwing
 + Level 4.1 Armour
 + Level 6.2 Dodging
 + Level 5.9 Stealth
 + Level 4.1 Shields
 + Level 4.1 Unarmed Combat
 + Level 6.5 Spellcasting
 + Level 3.3 Conjurations
 + Level 3.3 Hexes
 + Level 3.3 Charms
 + Level 3.3 Summonings
 + Level 7.9 Necromancy
 + Level 3.3 Translocations
 + Level 4.0 Transmutations
 + Level 3.3 Fire Magic
 + Level 3.3 Ice Magic
 + Level 3.3 Air Magic
 + Level 3.3 Earth Magic
 + Level 3.3 Poison Magic
 + Level 4.5 Invocations
 + Level 4.1 Evocations


You had 6 spell levels left.
You knew the following spells:

 Your Spells              Type           Power        Failure   Level  Hunger
a - Pain                  Necr           ####         1%          1    None
b - Animate Skeleton      Necr           N/A          1%          1    None
c - Regeneration          Chrm/Necr      ####......   2%          3    #......
d - Vampiric Draining     Necr           #####.....   1%          3    #......
e - Animate Dead          Necr           N/A          3%          4    ###....
f - Confusing Touch       Hex            ###...       2%          1    None
g - Ensorcelled Hibernat  Hex/Ice        ###...       3%          2    None

Your spell library contained the following spells:

 Spells                   Type           Power        Failure   Level  Hunger
 Apportation              Tloc           ###...       2%          1    None
 Corona                   Hex            ###....      2%          1    None
 Summon Small Mammal      Summ           ###.         2%          1    None
 Confuse                  Hex            ###.....     7%          3    #......
 Dazzling Spray           Conj/Hex       ###...       7%          3    #......
 Tukima's Dance           Hex            ###.....     7%          3    #......


Dungeon Overview and Level Annotations

Branches:
Dungeon (7/15)             Temple (1/1) D:5

Altars:
Cheibriados
Dithmenos
Elyvilon
Fedhas
Hepliaklqana
Makhleb
Nemelex Xobeh
Uskayaw
Vehumet
Xom
Yredelemnul
The Shining One
Lugonu

Annotations:
D:2 exclusion: oklob plant


Innate Abilities, Weirdness & Mutations

Your experience applies equally to all skills.
You have very sharp teeth.
Your uncanny sense of smell can sniff out nearby items.


Message History

Aim: a hog (moderately wounded, umbra, chance to defeat MR: 84%)
The hog writhes in agony!
The hog barely misses you.
Casting: Pain (safe; 1% risk of failure)
Confirm with . or Enter, or press ? or * to list all spells.
Aiming: Pain (safe; 1% risk of failure)
Press: ? - help, Shift-Dir - straight line, f/p - hog
Aim: a hog (heavily wounded, umbra, chance to defeat MR: 84%)
The hog barely resists.
The hog closely misses you.
You barely miss the hog. You punch the hog.
The hog is severely wounded.
The hog bites you!
* * * LOW HITPOINT WARNING * * *
You hit the hog. Lightning courses through the hog!!
You kill the hog!
Dithmenos accepts your kill.
Your Transmutations skill increases to level 4!
Casting: Pain (safe; 1% risk of failure)
Confirm with . or Enter, or press ? or * to list all spells.
You call on the dead to rise...
The dead are walking!
The yak gores you!
You die...

#..'..#..
#h.#..#.#
#..#Y.#.#
##'#.#
#....#
##Z#.#
#..h#
###Y# #@#
#.# #.#
#.# ∆∆∆
#.# ∆ #.#
#.# #.#
#### #.#


You could see a yak, a hog and a friendly human zombie.

Vanquished Creatures
  The ghost of grocchini the Chopper, a novice FoAK of Lugonu (D:4)
  A hippogriff (D:5)
  A hog (D:7)
  A human (D:7)
  A centaur (D:6)
  An ogre (D:4)
  4 big kobolds (Sewer)
  An elf zombie (Ossuary)
  A bullfrog (D:6)
  2 scorpions (D:6)
  A howler monkey (D:7)
  A crimson imp (D:5)
  A centaur zombie (Ossuary)
  2 hounds
  2 human zombies (Ossuary)
  A jelly (D:6)
  2 orc priests
  An iguana (D:6)
  Terence (D:2)
  2 worker ants
  A big kobold zombie (Ossuary)
  A hound zombie (Ossuary)
  3 mummies (Ossuary)
  A gnoll (D:1)
  11 adders
  5 river rats
  6 oozes
  5 adder zombies (Ossuary)
  2 worms (Sewer)
  5 dart slugs
  A leopard gecko (D:7)
  8 orcs
  5 ball pythons
  6 bats
  3 giant cockroaches
  8 goblins
  12 hobgoblins
  2 quokkas
  4 frilled lizards
  2 gnoll zombies (Ossuary)
  3 goblin zombies (Ossuary)
  A hobgoblin zombie (Ossuary)
  8 jackal zombies (Ossuary)
  10 kobolds
  A kobold zombie (Ossuary)
  A leopard gecko zombie (D:6)
  An orc zombie (Ossuary)
  2 quokka skeletons
  5 quokka zombies
  15 rats
  5 rat zombies (Ossuary)
171 creatures vanquished.

Vanquished Creatures (collateral kills)
  An adder (D:4)
1 creature vanquished.

Grand Total: 172 creatures vanquished

Notes
Turn   | Place    | Note
-------+----------+-------------------------------------------
     0 | D:1      | night the Gnoll Necromancer began the quest for the Orb.
     0 | D:1      | Reached XP level 1. HP: 13/13 MP: 6/6
   269 | D:1      | Reached XP level 2. HP: 20/20 MP: 5/7
   389 | D:1      | Learned a level 1 spell: Animate Skeleton
   423 | D:1      | Reached XP level 3. HP: 5/25 MP: 5/9
   696 | D:1      | Reached skill level 5 in Spellcasting
  1014 | D:1      | Learned a level 3 spell: Regeneration
  1247 | D:2      | Found a hazy altar of Hepliaklqana.
  1259 | D:2      | Reached skill level 1 in Invocations
  1364 | D:2      | Learned a level 3 spell: Vampiric Draining
  1425 | D:2      | Reached skill level 1 in Fighting
  1425 | D:2      | Reached skill level 1 in Short Blades
  1425 | D:2      | Reached skill level 1 in Long Blades
  1425 | D:2      | Reached skill level 1 in Axes
  1425 | D:2      | Reached skill level 1 in Maces & Flails
  1425 | D:2      | Reached skill level 1 in Polearms
  1425 | D:2      | Reached skill level 1 in Staves
  1425 | D:2      | Reached skill level 1 in Slings
  1425 | D:2      | Reached skill level 1 in Bows
  1425 | D:2      | Reached skill level 1 in Crossbows
  1425 | D:2      | Reached skill level 1 in Throwing
  1425 | D:2      | Reached skill level 1 in Armour
  1425 | D:2      | Reached skill level 1 in Shields
  1425 | D:2      | Reached skill level 1 in Unarmed Combat
  1425 | D:2      | Reached skill level 1 in Evocations
  1485 | D:2      | Found a blossoming altar of Fedhas.
  1496 | D:2      | Noticed an oklob plant
  1640 | D:2      | Reached XP level 4. HP: 31/32 MP: 8/11
  1842 | D:2      | Noticed Terence
  1853 | D:2      | Killed Terence
  1939 | D:2      | Reached skill level 1 in Conjurations
  1939 | D:2      | Reached skill level 1 in Hexes
  1939 | D:2      | Reached skill level 1 in Charms
  1939 | D:2      | Reached skill level 1 in Summonings
  1939 | D:2      | Reached skill level 1 in Translocations
  1939 | D:2      | Reached skill level 1 in Transmutations
  1939 | D:2      | Reached skill level 1 in Fire Magic
  1939 | D:2      | Reached skill level 1 in Ice Magic
  1939 | D:2      | Reached skill level 1 in Air Magic
  1939 | D:2      | Reached skill level 1 in Earth Magic
  1939 | D:2      | Reached skill level 1 in Poison Magic
  1952 | D:2      | Learned a level 4 spell: Animate Dead
  2170 | D:3      | Found a shadowy altar of Dithmenos.
  2194 | D:3      | Became a worshipper of Dithmenos the Shadowed
  2282 | D:3      | Reached XP level 5. HP: 34/37 MP: 9/12
  3209 | D:4      | Found a burning altar of Makhleb.
  3360 | D:4      | Found a runed translucent door.
  3368 | D:4      | Noticed an ogre
  3373 | D:4      | Killed an ogre
  3373 | D:4      | Reached XP level 6. HP: 41/44 MP: 10/14
  3377 | D:4      | Noticed grocchini's ghost (novice FoAK)
  3397 | D:4      | Killed grocchini's ghost
  3397 | D:4      | Reached skill level 5 in Dodging
  3397 | D:4      | Reached XP level 7. HP: 19/51 MP: 10/15
  3779 | D:5      | Entered Level 5 of the Dungeon
  3804 | D:5      | Found a sand-covered staircase.
  3813 | Ossuary  | Entered an ossuary
  3847 | Ossuary  | Reached * piety under Dithmenos
  4197 | Ossuary  | Reached skill level 5 in Stealth
  4231 | Ossuary  | Reached ** piety under Dithmenos
  4559 | D:5      | Found a staircase to the Ecumenical Temple.
  4564 | D:5      | Reached XP level 8. HP: 55/57 MP: 16/16
  4570 | Temple   | Entered the Ecumenical Temple
  4787 | D:5      | Noticed a hippogriff
  4797 | D:5      | Killed a hippogriff
  4873 | D:5      | Learned a level 1 spell: Confusing Touch
  5352 | D:6      | Found a glowing drain.
  5377 | Sewer    | Entered a sewer
  5969 | Sewer    | Reached *** piety under Dithmenos
  6073 | Sewer    | Reached XP level 9. HP: 53/65 MP: 18/18
  6296 | D:6      | Found a white marble altar of Elyvilon.
  6376 | D:6      | Found a basalt altar of Yredelemnul.
  6525 | D:6      | Learned a level 2 spell: Ensorcelled Hibernation
  7306 | D:7      | Slain by a yak

Skill      XL: |  1  2  3  4  5  6  7  8  9 |
---------------+----------------------------+-----
Spellcasting   | 5 6 |  6.5
Invocations    | 1 2 3 4 |  4.5
Fighting       | 1 2 3 4 |  4.1
Short Blades   | 1 2 3 4 |  4.1
Long Blades    | 1 2 3 4 |  4.1
Axes           | 1 2 3 4 |  4.1
Maces & Flails | 1 2 3 4 |  4.1
Polearms       | 1 2 3 4 |  4.1
Staves         | 1 2 3 4 |  4.1
Slings         | 1 2 3 4 |  4.1
Bows           | 1 2 3 4 |  4.1
Crossbows      | 1 2 3 4 |  4.1
Throwing       | 1 2 3 4 |  4.1
Armour         | 1 2 3 4 |  4.1
Shields        | 1 2 3 4 |  4.1
Unarmed Combat | 1 2 3 4 |  4.1
Evocations     | 1 2 3 4 |  4.1
Conjurations   | 1 2 3 |  3.3
Hexes          | 1 2 3 |  3.3
Charms         | 1 2 3 |  3.3
Summonings     | 1 2 3 |  3.3
Translocations | 1 2 3 |  3.3
Transmutations | 1 2 3 4 |  4.0
Fire Magic     | 1 2 3 |  3.3
Ice Magic      | 1 2 3 |  3.3
Air Magic      | 1 2 3 |  3.3
Earth Magic    | 1 2 3 |  3.3
Poison Magic   | 1 2 3 |  3.3
Dodging        | 5 6 |  6.2
Stealth        | 5 |  5.9
Necromancy     | |  7.9

Action                   |  1- 3 |  4- 6 |  7- 9 || total
-------------------------+-------+-------+-------++-------
Melee: Hand axe          |    35 |    50 |   277 ||   362
       Unarmed           |     1 |       |       ||     1
       Bite              |     1 |     3 |    29 ||    33
       Punch             |       |       |     8 ||     8
       Short sword       |       |       |    55 ||    55
 Cast: Pain              |    30 |    59 |    21 ||   110
       Regeneration      |     1 |       |       ||     1
       Vampiric Draining |       |     3 |       ||     3
       Animate Dead      |       |     1 |     1 ||     2
       Ensorcelled Hiber |       |       |     1 ||     1
  Use: Scroll            |       |     2 |     9 ||    11
 Stab: Sleeping          |     4 |     1 |    21 ||    26
  Eat: Chunk             |     2 |     6 |    10 ||    18
       Ration            |       |       |     1 ||     1
Armor: Robe              |     5 |    12 |    41 ||    58
Dodge: Dodged            |    26 |    48 |   266 ||   340
